cohdb
Replays
Latest Replays
All Replays
Popular Replays
Top Player Replays
Match Explorer
How It Works
Community
CoH3 Stats
Reddit
Sign in to upload your games and track your stats! →
Sign in with Steam
Match 45255929
Unlisted
Match 45255929
Overview
Messages
Build Orders
End
Construct Section Command Post
Selects Air and Sea Battlegroup
Dingo Light Scout Car
Royal Engineer Section
Vickers Machine Gun Team
Infantry Section
Construct Platoon Command Post
Construct Platoon Command Post
Selects Commando Section Paradrop
Selects Commando Support Section Paradrop
Commando Section Paradrop
Unlock M3 Stuart Light Tanks
Construct Field Infirmary
Seiun Sky
ECO
0
0
Comments
sign in to comment!
No comments posted yet!